Flames vs Kings
(R1)
Created - 17 décembre 2016 at 19:02
Goals
|
| Flames |
0 |
2 |
0 |
2 |
| Kings |
1 |
3 |
0 |
4 |
|
Shots
|
| Flames |
0 |
10 |
7 |
17 |
| Kings |
11 |
8 |
7 |
26 |
|
1st period
1. Kings , Erik Christensen 4 (Jordan Eberle, Tim Ramholt) at 9:24
Penalties :
David Backes (Cal) for Interference (Minor) at 3:24, Jordin Tootoo (Cal) for Roughing (Minor) at 10:06
2nd period
2. Kings , Ted Purcell 7 (Jordan Eberle, Erik Cole) at 2:06
3. Flames , Eric Staal 11 (David Backes, Derek Meech) at 3:23
4. Kings , Ted Purcell 8 (Drew Doughty, Jordan Nolan) at 3:39
5. Kings , Anze Kopitar 12 (Drew Doughty, Evander Kane) at 6:51 (PP)
6. Flames , Alexander Semin 17 (Eric Staal) at 8:01 (PP)
Penalties :
Jordan Eberle (LAK) for Hooking (Minor) at 4:03, Mark Bell (Cal) for Interference (Minor) at 6:37, Evander Kane (LAK) for Hooking (Minor) at 8:00, David Backes (Cal) for Tripping (Minor) at 13:00, David Backes (Cal) for Tripping (Minor) at 17:56, Alexander Semin (Cal) for Holding (Minor) at 19:44
3rd period
No Goal
Penalties :
Eric Staal (Cal) for Tripping (Minor) at 2:49, Tim Ramholt (LAK) for Boarding (Minor) at 8:23, Jordan Nolan (LAK) for Spearing (Major / Game Misconduct) at 12:48, Marcel Goc (Cal) for Interference (Minor) at 15:20, Erik Cole (LAK) for Delaying the game (Minor) at 19:09
Goalie Stats
Craig Anderson (Cal), 12 saves from 13 shots - (0,923), 36:21 minutes
Pekka Rinne (Cal), 10 saves from 13 shots - (0,769), L, 9-10-1, 23:39 minutes
Jonathan Quick (LAK), 15 saves from 17 shots - (0,882), W, 9-4-5, 60:00 minutes
Players Stats for Flames
Player Name G A P +/- PIM S H SB GA TA FO MP PP MP PK MP
------------------------------------------------------------------------------------
Alexander Semin 1 0 1 -1 2 1 2 0 0 0 0/2 21:29 3:46 4:16
Brad Marchand 0 0 0 0 0 0 2 0 1 0 0/0 11:01 0:45 3:28
Colin Wilson 0 0 0 0 0 0 0 0 0 0 3/4 7:09 0:25 0:23
David Backes 0 1 1 -1 6 1 1 0 0 0 0/1 16:01 3:46 0:04
Derek Meech 0 1 1 -2 0 0 4 0 0 0 0/0 19:23 2:56 0:26
Eric Staal 1 1 2 -1 2 4 4 0 1 0 19/28 20:09 3:46 3:27
Erik Johnson 0 0 0 -1 0 0 1 2 1 0 0/0 21:56 4:53 4:43
Jordin Tootoo 0 0 0 0 2 1 1 1 0 0 2/2 18:46 0:20 5:19
Marcel Goc 0 0 0 -1 2 5 2 2 1 1 6/18 16:10 0:44 6:32
Mark Bell 0 0 0 0 2 1 0 0 0 0 0/0 11:19 0:00 0:13
Michel Ouellet 0 0 0 -1 0 1 1 1 0 0 0/0 11:13 3:18 0:00
Noah Welch 0 0 0 0 0 0 4 1 1 0 1/1 6:19 0:00 0:00
Patrik Berglund 0 0 0 0 0 0 0 1 0 0 9/14 14:30 3:18 0:00
Robyn Regehr 0 0 0 0 0 0 0 0 0 0 0/0 11:47 2:56 0:00
Ron Hainsey 0 0 0 0 0 0 1 2 0 2 0/0 17:02 0:00 7:14
Steve Eminger 0 0 0 -1 0 1 0 2 1 1 0/0 25:25 0:00 6:48
Steve Regier 0 0 0 -1 0 1 0 1 0 0 0/1 12:05 3:18 0:00
Tomas Kaberle 0 0 0 0 0 1 0 1 0 1 0/0 24:01 4:53 4:43
Players Stats for Kings
Player Name G A P +/- PIM S H SB GA TA FO MP PP MP PK MP
------------------------------------------------------------------------------------
Anze Kopitar 1 0 1 0 0 1 1 1 0 0 14/29 20:42 6:45 1:30
Brent Sopel 0 0 0 1 0 0 0 0 0 1 0/0 9:56 0:00 0:12
Chad Larose 0 0 0 1 0 1 0 0 0 0 0/0 13:22 0:10 4:19
Daniel Cleary 0 0 0 0 0 0 0 0 1 0 0/0 8:48 0:00 1:46
Dominic Moore 0 0 0 0 0 1 2 1 0 0 8/18 13:10 0:46 4:35
Drew Doughty 0 2 2 0 0 5 0 0 0 0 0/0 23:52 7:41 0:52
Erik Christensen 1 0 1 1 0 2 1 0 0 0 5/6 13:09 4:16 0:00
Erik Cole 0 1 1 1 2 4 1 0 0 0 0/0 10:55 0:18 2:00
Evander Kane 0 1 1 0 2 2 0 0 0 0 0/0 19:33 6:35 1:28
Jakub Voracek 0 0 0 0 0 3 2 1 1 0 0/3 17:04 5:12 0:00
Jordan Eberle 0 2 2 1 2 1 1 0 2 1 0/0 18:44 6:17 0:00
Jordan Nolan 0 1 1 1 15 0 0 0 0 0 4/15 16:00 4:54 0:00
Ladislav Nagy 0 0 0 0 0 0 0 0 0 0 0/0 7:02 0:00 0:00
Lubomir Visnovsky 0 0 0 0 0 0 0 2 0 0 0/0 20:28 0:00 4:39
Michael Kostka 0 0 0 1 0 0 1 1 0 1 0/0 22:07 4:16 3:35
Ole-Kristian Tollefsen 0 0 0 1 0 2 3 0 0 1 0/0 26:23 7:41 4:14
Ted Purcell 2 0 2 1 0 4 4 0 1 2 0/0 16:30 4:54 0:00
Tim Ramholt 0 1 1 1 2 0 3 0 0 0 0/0 12:22 0:00 2:06
3 Stars
1 - Ted Purcell (LAK)
2 - Erik Christensen (LAK)
3 - Eric Staal (Cal)
Power Play
Flames - 1 on 5 Attempt(s) - 20,00%
Kings - 1 on 8 Attempt(s) - 12,50%
Penalty Kill
Flames - 7 on 8 Attempt(s) - 87,50%
- Score 0 goal in Penalty Kill
Kings - 4 on 5 Attempt(s) - 80,00%
- Score 0 goal in Penalty Kill
Team Stat
Flames - Hits : 23 - Faceoff Wins : 40 - Blocked Shots : 14 - Penalty Minutes : 16
Kings - Hits : 19 - Faceoff Wins : 31 - Blocked Shots : 6 - Penalty Minutes : 23
Official
Referees : O'Rourke Dan and Pollock Kevin
Linesman : Michel Cormier and Pierre Racicot
Game Notes
Craig Anderson enters game at 3:39 of 2nd period
Jordan Nolan ejected from game at 12:48 of 3rd period
Finance
Level 1 -- Attendance: 5366 (89,43%) -- Ticket Income 456 110 $
Level 2 -- Attendance: 3333 (66,66%) -- Ticket Income 199 980 $
Level 3 -- Attendance: 1566 (78,30%) -- Ticket Income 54 810 $
Level 4 -- Attendance: 2817 (70,43%) -- Ticket Income 70 425 $
Luxury Box -- Attendance: 983 (98,30%) -- Ticket Income 137 620 $
Game was played at the Staples Center.
Total Attendance: 14065 (78,14%)
Total Ticket Income: 918 945 $
Other Income: 137 842 $
Total Income: 1 056 787 $
Flames
5 vs 5 Forward
Center Left Wing Right Wing Time % Phy DF OF
1 Eric Staal Alexander Semin David Backes 39 1 2 2
2 Patrik Berglund Mark Bell Jordin Tootoo 30 1 2 2
3 Marcel Goc Steve Regier Michel Ouellet 21 1 2 2
4 Colin Wilson Brad Marchand Noah Welch 10 1 2 2
5 vs 5 Defense
Defense Defense Time % Phy DF OF
1 Derek Meech Steve Eminger 40 1 2 2
2 Tomas Kaberle Erik Johnson 30 1 2 2
3 Ron Hainsey Robyn Regehr 20 1 2 2
4 Tomas Kaberle Steve Eminger 10 1 2 2
PowerPlay Forward
Center Left Wing Right Wing Time % Phy DF OF
1 Eric Staal Alexander Semin David Backes 60 1 1 3
2 Patrik Berglund Steve Regier Michel Ouellet 40 1 1 3
PowerPlay Defense
Defense Defense Time % Phy DF OF
1 Tomas Kaberle Erik Johnson 60 1 1 3
2 Derek Meech Robyn Regehr 40 1 1 3
Penalty Kill 4 Players Forward
Center Wing Time % Phy DF OF
1 Marcel Goc Jordin Tootoo 60 1 3 1
2 Eric Staal Alexander Semin 40 1 3 1
Penalty Kill 4 Players Defense
Defense Defense Time % Phy DF OF
1 Ron Hainsey Steve Eminger 60 1 4 0
2 Tomas Kaberle Erik Johnson 40 1 4 0
Penalty Kill - 3 Players Forward
Forward Time % Phy DF OF
1 Eric Staal 60 1 4 0
2 Alexander Semin 40 1 4 0
Penalty Kill - 3 Players Defense
Defense Defense Time % Phy DF OF
1 Ron Hainsey Steve Eminger 60 1 4 0
2 Tomas Kaberle Erik Johnson 40 1 4 0
4 vs 4 Forward
Center Wing Time % Phy DF OF
1 Eric Staal Alexander Semin 60 1 2 2
2 Patrik Berglund Jordin Tootoo 40 1 2 2
4 vs 4 Defense
Defense Defense Time % Phy DF OF
1 Derek Meech Steve Eminger 60 1 2 2
2 Tomas Kaberle Erik Johnson 40 1 2 2
Last Minutes Offensive
Center Left Wing Right Wing Defense Defense
Eric Staal Alexander Semin David Backes Erik Johnson Steve Eminger
Last Minutes Defensive
Center Left Wing Right Wing Defense Defense
Eric Staal Alexander Semin David Backes Erik Johnson Steve Eminger
Goaltenders
Starting : Pekka Rinne
Backup : Craig Anderson
Extra Forwards
Normal : Alexander Semin, Jordin Tootoo, Steve Regier - PP : Jordin Tootoo, Steve Regier - PK : Brad Marchand
Extra Defensemen
Normal : Erik Johnson, Tomas Kaberle, Ron Hainsey - PP : Steve Eminger - PK : Erik Johnson, Derek Meech
Penalty Shots
Eric Staal, Alexander Semin, Patrik Berglund, David Backes, Colin Wilson
Kings
5 vs 5 Forward
Center Left Wing Right Wing Time % Phy DF OF
1 Anze Kopitar Evander Kane Jakub Voracek 35 1 1 3
2 Jordan Nolan Ted Purcell Jordan Eberle 35 1 1 3
3 Erik Christensen Erik Cole Chad Larose 20 0 2 3
4 Dominic Moore Ladislav Nagy Daniel Cleary 10 1 2 2
5 vs 5 Defense
Defense Defense Time % Phy DF OF
1 Drew Doughty Lubomir Visnovsky 40 0 3 2
2 Ole-Kristian Tollefsen Michael Kostka 40 0 3 2
3 Tim Ramholt Brent Sopel 20 1 3 1
4 Drew Doughty Ole-Kristian Tollefsen 0 1 3 1
PowerPlay Forward
Center Left Wing Right Wing Time % Phy DF OF
1 Anze Kopitar Evander Kane Jordan Eberle 60 1 0 4
2 Jordan Nolan Ted Purcell Jakub Voracek 40 1 0 4
PowerPlay Defense
Defense Defense Time % Phy DF OF
1 Drew Doughty Ole-Kristian Tollefsen 60 0 2 3
2 Erik Christensen Michael Kostka 40 0 3 2
Penalty Kill 4 Players Forward
Center Wing Time % Phy DF OF
1 Dominic Moore Chad Larose 60 1 2 2
2 Daniel Cleary Erik Cole 40 1 2 2
Penalty Kill 4 Players Defense
Defense Defense Time % Phy DF OF
1 Lubomir Visnovsky Ole-Kristian Tollefsen 60 1 4 0
2 Michael Kostka Tim Ramholt 40 1 4 0
Penalty Kill - 3 Players Forward
Forward Time % Phy DF OF
1 Dominic Moore 60 1 4 0
2 Anze Kopitar 40 1 4 0
Penalty Kill - 3 Players Defense
Defense Defense Time % Phy DF OF
1 Ole-Kristian Tollefsen Lubomir Visnovsky 60 1 4 0
2 Michael Kostka Tim Ramholt 40 1 4 0
4 vs 4 Forward
Center Wing Time % Phy DF OF
1 Anze Kopitar Jakub Voracek 60 1 2 2
2 Jordan Eberle Evander Kane 40 1 2 2
4 vs 4 Defense
Defense Defense Time % Phy DF OF
1 Ole-Kristian Tollefsen Drew Doughty 60 1 2 2
2 Lubomir Visnovsky Michael Kostka 40 1 2 2
Last Minutes Offensive
Center Left Wing Right Wing Defense Defense
Anze Kopitar Evander Kane Jordan Eberle Drew Doughty Ole-Kristian Tollefsen
Last Minutes Defensive
Center Left Wing Right Wing Defense Defense
Anze Kopitar Erik Cole Chad Larose Drew Doughty Ole-Kristian Tollefsen
Goaltenders
Starting : Jonathan Quick
Backup : Evgeni Nabokov
Extra Forwards
Normal : Anze Kopitar, Jordan Eberle, Jakub Voracek - PP : Ted Purcell, Dominic Moore - PK : Anze Kopitar
Extra Defensemen
Normal : Drew Doughty, Ole-Kristian Tollefsen, Lubomir Visnovsky - PP : Brent Sopel - PK : Drew Doughty, Brent Sopel
Penalty Shots
Anze Kopitar, Evander Kane, Ted Purcell, Jordan Eberle, Jordan Nolan
% Time on Ice - Flames
Lines # - Real PCT - Wanted PCT - Time Play
Normal Forward
1 - 35% - 39% - 13:23
2 - 30% - 30% - 11:30
3 - 20% - 21% - 7:29
4 - 15% - 10% - 5:53
Normal Defense
1 - 39% - 40% - 14:59
2 - 30% - 30% - 11:25
3 - 21% - 20% - 8:07
4 - 10% - 10% - 3:44
PP Forward
1 - 58% - 60% - 4:31
2 - 42% - 40% - 3:18
PP Defense
1 - 57% - 60% - 4:28
2 - 43% - 40% - 3:21
PK Forward
1 - 71% - 60% - 8:19
2 - 29% - 40% - 3:27
PK Defense
1 - 60% - 60% - 7:03
2 - 40% - 40% - 4:43
PK3 Forward
1 - 100% - 60% - 0:11
2 - 0% - 40% - 0:00
PK3 Defense
1 - 100% - 60% - 0:11
2 - 0% - 40% - 0:00
44 Forward
1 - 100% - 60% - 1:59
2 - 0% - 40% - 0:00
44 Defense
1 - 59% - 60% - 1:10
2 - 41% - 40% - 0:49
Last Minute Offensive - 0:00
Last Minute Defensive - 0:00
Total
Forward - 60:00
Defense - 60:00
|
% Time on Ice - Kings
Lines # - Real PCT - Wanted PCT - Time Play
Normal Forward
1 - 29% - 35% - 11:03
2 - 30% - 35% - 11:36
3 - 22% - 20% - 8:34
4 - 18% - 10% - 7:02
Normal Defense
1 - 39% - 40% - 14:45
2 - 35% - 40% - 13:23
3 - 25% - 20% - 9:44
4 - 1% - 0% - 0:23
PP Forward
1 - 56% - 60% - 6:45
2 - 44% - 40% - 5:12
PP Defense
1 - 64% - 60% - 7:41
2 - 36% - 40% - 4:16
PK Forward
1 - 77% - 60% - 6:03
2 - 23% - 40% - 1:46
PK Defense
1 - 54% - 60% - 4:14
2 - 46% - 40% - 3:35
PK3 Forward
1 - 0% - 60%
2 - 0% - 40%
PK3 Defense
1 - 0% - 60%
2 - 0% - 40%
44 Forward
1 - 94% - 60% - 1:52
2 - 6% - 40% - 0:07
44 Defense
1 - 55% - 60% - 1:06
2 - 45% - 40% - 0:53
Last Minute Offensive - 0:00
Last Minute Defensive - 0:00
Total
Forward - 60:00
Defense - 60:00
|
Play by Play
1st period
0:01 of 1st period - Anze Kopitar wins face-off versus Eric Staal in neutral zone.
1:13 of 1st period - Off-side.
1:14 of 1st period - Noah Welch wins face-off versus Dominic Moore in neutral zone.
1:25 of 1st period - Snap shot by Daniel Cleary.
1:25 of 1st period - Shot Hit the Post.
1:27 of 1st period - Snap shot by Dominic Moore.
1:27 of 1st period - Shot Misses the Net.
1:29 of 1st period - Wrist shot by Ole-Kristian Tollefsen.
1:29 of 1st period - Stopped by Pekka Rinne without a rebound.
1:30 of 1st period - Anze Kopitar wins face-off versus Alexander Semin in Flames zone.
1:34 of 1st period - Icing by Steve Eminger.
1:35 of 1st period - Eric Staal wins face-off versus Anze Kopitar in Flames zone.
2:42 of 1st period - Slapshot by Jordan Eberle.
2:42 of 1st period - Shot Blocked by Steve Eminger.
3:18 of 1st period - Wrist shot by Erik Christensen.
3:18 of 1st period - Shot Misses the Net.
3:24 of 1st period - Minor Penalty to David Backes for Interference.
3:25 of 1st period - Anze Kopitar wins face-off versus Marcel Goc in Flames zone.
3:26 of 1st period - Snap shot by Jordan Eberle.
3:26 of 1st period - Stopped by Pekka Rinne with a rebound.
4:21 of 1st period - Jordan Nolan is hit by Eric Staal.
4:51 of 1st period - Jakub Voracek is hit by Ron Hainsey.
4:58 of 1st period - Icing by Ole-Kristian Tollefsen.
4:59 of 1st period - Dominic Moore wins face-off versus Marcel Goc in Kings zone.
5:20 of 1st period - Jakub Voracek is hit by Erik Johnson and loses puck.
5:24 of 1st period - Penalty to David Backes is over, David Backes is back on ice.
6:18 of 1st period - Michael Kostka is hit by Noah Welch and loses puck.
7:10 of 1st period - Ole-Kristian Tollefsen is hit by David Backes and loses puck.
9:24 of 1st period - Snap shot by Erik Christensen.
9:24 of 1st period - Goal by Erik Christensen - Flames : 0 - Kings : 1.
9:25 of 1st period - Patrik Berglund wins face-off versus Anze Kopitar in neutral zone.
9:28 of 1st period - Michael Kostka is hit by Derek Meech and loses puck.
9:51 of 1st period - Icing by Mark Bell.
9:52 of 1st period - Jordan Nolan wins face-off versus Marcel Goc in Flames zone.
10:01 of 1st period - Wrist shot by Ted Purcell.
10:01 of 1st period - Stopped by Pekka Rinne with a rebound.
10:03 of 1st period - Slapshot by Drew Doughty.
10:03 of 1st period - Deflect By Ted Purcell.
10:03 of 1st period - Shot Blocked by Michel Ouellet.
10:03 of 1st period - Puck is out of play.
10:04 of 1st period - Patrik Berglund wins face-off versus Anze Kopitar in Flames zone.
10:06 of 1st period - Minor Penalty to Jordin Tootoo for Roughing.
10:07 of 1st period - Anze Kopitar wins face-off versus Marcel Goc in Flames zone.
10:07 of 1st period - Backhand shot by Evander Kane.
10:07 of 1st period - Shot Blocked by Steve Eminger.
10:09 of 1st period - Wrist shot by Anze Kopitar.
10:09 of 1st period - Shot Blocked by Marcel Goc.
10:11 of 1st period - Slapshot by Drew Doughty.
10:11 of 1st period - Stopped by Pekka Rinne without a rebound.
10:12 of 1st period - Marcel Goc wins face-off versus Anze Kopitar in Flames zone.
10:51 of 1st period - Marcel Goc is hit by Anze Kopitar and loses puck.
12:06 of 1st period - Penalty to Jordin Tootoo is over, Jordin Tootoo is back on ice.
12:24 of 1st period - Snap shot by Jordin Tootoo.
12:24 of 1st period - Shot Misses the Net.
12:44 of 1st period - Slapshot by Erik Cole.
12:44 of 1st period - Shot Blocked by Steve Regier.
12:46 of 1st period - Slapshot by Tim Ramholt.
12:46 of 1st period - Shot Blocked by Tomas Kaberle.
12:48 of 1st period - Backhand shot by Erik Christensen.
12:48 of 1st period - Shot Blocked by Noah Welch.
13:26 of 1st period - Dominic Moore is hit by Noah Welch and loses puck.
13:43 of 1st period - Noah Welch is hit by Ted Purcell and loses puck.
13:50 of 1st period - Ted Purcell is hit by Noah Welch and loses puck.
15:33 of 1st period - Jakub Voracek is hit by Brad Marchand and loses puck.
15:46 of 1st period - Steve Eminger is hit by Tim Ramholt and loses puck.
16:01 of 1st period - Steve Regier is hit by Tim Ramholt and loses puck.
16:20 of 1st period - Snap shot by Erik Cole.
16:20 of 1st period - Stopped by Pekka Rinne without a rebound.
16:21 of 1st period - Eric Staal wins face-off versus Jordan Nolan in Flames zone.
16:28 of 1st period - Robyn Regehr is hit by Jordan Eberle and loses puck.
16:57 of 1st period - Wrist shot by Mark Bell.
16:57 of 1st period - Shot Misses the Net.
16:59 of 1st period - Slapshot by Robyn Regehr.
16:59 of 1st period - Shot Misses the Net.
17:13 of 1st period - Wrist shot by Erik Christensen.
17:13 of 1st period - Stopped by Pekka Rinne without a rebound.
17:14 of 1st period - Erik Christensen wins face-off versus Eric Staal in Flames zone.
17:27 of 1st period - Slapshot by Drew Doughty.
17:27 of 1st period - Deflect By Alexander Semin.
17:27 of 1st period - Stopped by Pekka Rinne with a rebound.
18:00 of 1st period - Backhand shot by Jordin Tootoo.
18:00 of 1st period - Shot Blocked by Anze Kopitar.
18:02 of 1st period - Snap shot by Marcel Goc.
18:02 of 1st period - Shot Misses the Net.
18:04 of 1st period - Snap shot by Marcel Goc.
18:04 of 1st period - Shot Misses the Net.
18:06 of 1st period - Snap shot by Michel Ouellet.
18:06 of 1st period - Shot Misses the Net.
18:08 of 1st period - Slapshot by Michel Ouellet.
18:08 of 1st period - Shot Misses the Net.
18:39 of 1st period - Icing by Steve Eminger.
18:40 of 1st period - Colin Wilson wins face-off versus Erik Christensen in Flames zone.
18:40 of 1st period - Colin Wilson is hit by Ole-Kristian Tollefsen.
18:56 of 1st period - Snap shot by Erik Cole.
18:56 of 1st period - Stopped by Pekka Rinne with a rebound.
19:10 of 1st period - Slapshot by Jakub Voracek.
19:10 of 1st period - Stopped by Pekka Rinne without a rebound.
19:11 of 1st period - Anze Kopitar wins face-off versus Patrik Berglund in Flames zone.
19:14 of 1st period - Snap shot by Jakub Voracek.
19:14 of 1st period - Stopped by Pekka Rinne with a rebound.
Goals for this period are 0 for Flames vs 1 for Kings.
Shots for this period are 0 for Flames vs 11 for Kings.
2nd period
0:01 of 2nd period - Eric Staal wins face-off versus Jordan Nolan in neutral zone.
0:37 of 2nd period - Snap shot by Marcel Goc.
0:37 of 2nd period - Stopped by Jonathan Quick with a rebound.
0:47 of 2nd period - Tomas Kaberle is hit by Erik Christensen.
0:51 of 2nd period - Snap shot by Jordin Tootoo.
0:51 of 2nd period - Stopped by Jonathan Quick without a rebound.
0:52 of 2nd period - Erik Christensen wins face-off versus Eric Staal in Kings zone.
1:01 of 2nd period - Snap shot by Alexander Semin.
1:01 of 2nd period - Shot Misses the Net.
1:03 of 2nd period - Wrist shot by Eric Staal.
1:03 of 2nd period - Shot Misses the Net.
1:05 of 2nd period - Snap shot by Ron Hainsey.
1:05 of 2nd period - Shot Misses the Net.
1:07 of 2nd period - Snap shot by Eric Staal.
1:07 of 2nd period - Shot Misses the Net.
1:46 of 2nd period - Wrist shot by Erik Cole.
1:46 of 2nd period - Shot Misses the Net.
2:06 of 2nd period - Snap shot by Ted Purcell.
2:06 of 2nd period - Goal by Ted Purcell - Flames : 0 - Kings : 2.
2:07 of 2nd period - Jordan Nolan wins face-off versus Eric Staal in neutral zone.
3:01 of 2nd period - Icing by Ole-Kristian Tollefsen.
3:02 of 2nd period - Eric Staal wins face-off versus Anze Kopitar in Kings zone.
3:13 of 2nd period - Wrist shot by Eric Staal.
3:13 of 2nd period - Stopped by Jonathan Quick without a rebound.
3:14 of 2nd period - Jordan Nolan wins face-off versus Eric Staal in Kings zone.
3:23 of 2nd period - Wrist shot by Eric Staal.
3:23 of 2nd period - Goal by Eric Staal - Flames : 1 - Kings : 2.
3:24 of 2nd period - Eric Staal wins face-off versus Jordan Nolan in neutral zone.
3:27 of 2nd period - Slapshot by Steve Eminger.
3:27 of 2nd period - Stopped by Jonathan Quick with a rebound.
3:39 of 2nd period - Wrist shot by Ted Purcell.
3:39 of 2nd period - Goal by Ted Purcell - Flames : 1 - Kings : 3.
3:39 of 2nd period - Craig Anderson enters game.
3:40 of 2nd period - Eric Staal wins face-off versus Jordan Nolan in neutral zone.
3:42 of 2nd period - Erik Johnson is hit by Ole-Kristian Tollefsen and loses puck.
4:03 of 2nd period - Minor Penalty to Jordan Eberle for Hooking.
4:04 of 2nd period - Dominic Moore wins face-off versus David Backes in Kings zone.
5:19 of 2nd period - Icing by Michel Ouellet.
5:20 of 2nd period - Patrik Berglund wins face-off versus Dominic Moore in Flames zone.
6:01 of 2nd period - Michel Ouellet is hit by Tim Ramholt and loses puck.
6:03 of 2nd period - Penalty to Jordan Eberle is over, Jordan Eberle is back on ice.
6:22 of 2nd period - Off-side.
6:23 of 2nd period - Anze Kopitar wins face-off versus Patrik Berglund in neutral zone.
6:30 of 2nd period - Snap shot by Evander Kane.
6:30 of 2nd period - Deflect By Anze Kopitar.
6:30 of 2nd period - Shot Blocked by Jordin Tootoo.
6:30 of 2nd period - Puck is out of play.
6:31 of 2nd period - Jordin Tootoo wins face-off versus Anze Kopitar in Flames zone.
6:37 of 2nd period - Minor Penalty to Mark Bell for Interference.
6:38 of 2nd period - Anze Kopitar wins face-off versus Marcel Goc in Flames zone.
6:51 of 2nd period - Slapshot by Anze Kopitar.
6:51 of 2nd period - Goal by Anze Kopitar - Flames : 1 - Kings : 4.
6:52 of 2nd period - Eric Staal wins face-off versus Jordan Nolan in neutral zone.
7:01 of 2nd period - Lubomir Visnovsky is hit by Derek Meech and loses puck.
7:44 of 2nd period - Wrist shot by Chad Larose.
7:44 of 2nd period - Stopped by Craig Anderson without a rebound.
7:45 of 2nd period - Erik Christensen wins face-off versus Steve Regier in Flames zone.
7:46 of 2nd period - Snap shot by Erik Cole.
7:46 of 2nd period - Stopped by Craig Anderson without a rebound.
7:47 of 2nd period - Marcel Goc wins face-off versus Jordan Nolan in Flames zone.
7:47 of 2nd period - Marcel Goc is hit by Ted Purcell.
7:55 of 2nd period - Snap shot by Steve Regier.
7:55 of 2nd period - Stopped by Jonathan Quick with a rebound.
7:57 of 2nd period - Snap shot by Michel Ouellet.
7:57 of 2nd period - Stopped by Jonathan Quick without a rebound.
7:58 of 2nd period - Anze Kopitar wins face-off versus Eric Staal in Kings zone.
8:00 of 2nd period - Minor Penalty to Evander Kane for Hooking.
8:01 of 2nd period - Eric Staal wins face-off versus Dominic Moore in Kings zone.
8:01 of 2nd period - Wrist shot by Alexander Semin.
8:01 of 2nd period - Goal by Alexander Semin - Flames : 2 - Kings : 4.
8:02 of 2nd period - Eric Staal wins face-off versus Anze Kopitar in neutral zone.
9:01 of 2nd period - Icing by Lubomir Visnovsky.
9:02 of 2nd period - Erik Christensen wins face-off versus Marcel Goc in Kings zone.
9:44 of 2nd period - Snap shot by Drew Doughty.
9:44 of 2nd period - Shot Misses the Net.
9:46 of 2nd period - Slapshot by Drew Doughty.
9:46 of 2nd period - Shot Misses the Net.
9:48 of 2nd period - Wrist shot by Erik Christensen.
9:48 of 2nd period - Shot Misses the Net.
9:50 of 2nd period - Snap shot by Lubomir Visnovsky.
9:50 of 2nd period - Shot Blocked by Patrik Berglund.
9:52 of 2nd period - Slapshot by Drew Doughty.
9:52 of 2nd period - Shot Misses the Net.
10:08 of 2nd period - Backhand shot by Erik Cole.
10:08 of 2nd period - Deflect By Mark Bell.
10:08 of 2nd period - Stopped by Craig Anderson without a rebound.
10:09 of 2nd period - Eric Staal wins face-off versus Anze Kopitar in Flames zone.
10:09 of 2nd period - Eric Staal is hit by Jakub Voracek.
10:15 of 2nd period - Michael Kostka is hit by Alexander Semin and loses puck.
10:36 of 2nd period - Steve Regier is hit by Michael Kostka and loses puck.
11:01 of 2nd period - Slapshot by Noah Welch.
11:01 of 2nd period - Shot Misses the Net.
11:03 of 2nd period - Slapshot by Tomas Kaberle.
11:03 of 2nd period - Shot Misses the Net.
11:05 of 2nd period - Snap shot by Colin Wilson.
11:05 of 2nd period - Shot Blocked by Dominic Moore.
11:19 of 2nd period - Anze Kopitar is hit by Eric Staal and loses puck.
12:14 of 2nd period - Icing by Drew Doughty.
12:15 of 2nd period - Dominic Moore wins face-off versus Patrik Berglund in Kings zone.
12:19 of 2nd period - Off-side.
12:20 of 2nd period - Patrik Berglund wins face-off versus Jordan Nolan in neutral zone.
12:31 of 2nd period - Wrist shot by Mark Bell.
12:31 of 2nd period - Stopped by Jonathan Quick without a rebound.
12:32 of 2nd period - Eric Staal wins face-off versus Jakub Voracek in Kings zone.
12:41 of 2nd period - Wrist shot by Jakub Voracek.
12:41 of 2nd period - Stopped by Craig Anderson without a rebound.
12:42 of 2nd period - Eric Staal wins face-off versus Jakub Voracek in Flames zone.
12:49 of 2nd period - Snap shot by Eric Staal.
12:49 of 2nd period - Shot Blocked by Jakub Voracek.
12:51 of 2nd period - Wrist shot by Eric Staal.
12:51 of 2nd period - Stopped by Jonathan Quick with a rebound.
12:53 of 2nd period - Slapshot by Eric Staal.
12:53 of 2nd period - Deflect By Jakub Voracek.
12:53 of 2nd period - Shot Hit the Post.
12:53 of 2nd period - Puck is out of play.
12:54 of 2nd period - Eric Staal wins face-off versus Jordan Nolan in Kings zone.
13:00 of 2nd period - Minor Penalty to David Backes for Tripping.
13:01 of 2nd period - Anze Kopitar wins face-off versus Marcel Goc in Flames zone.
14:47 of 2nd period - Ron Hainsey is hit by Ole-Kristian Tollefsen and loses puck.
15:00 of 2nd period - Penalty to David Backes is over, David Backes is back on ice.
15:11 of 2nd period - Snap shot by Eric Staal.
15:11 of 2nd period - Shot Blocked by Michael Kostka.
15:28 of 2nd period - Erik Christensen is hit by Derek Meech and loses puck.
16:03 of 2nd period - Brent Sopel is hit by Derek Meech and loses puck.
16:27 of 2nd period - Drew Doughty is hit by Marcel Goc.
16:49 of 2nd period - Chad Larose is hit by Jordin Tootoo.
16:58 of 2nd period - Icing by Jordin Tootoo.
16:59 of 2nd period - Dominic Moore wins face-off versus Patrik Berglund in Flames zone.
17:24 of 2nd period - Snap shot by Dominic Moore.
17:24 of 2nd period - Stopped by Craig Anderson without a rebound.
17:25 of 2nd period - Dominic Moore wins face-off versus Eric Staal in Flames zone.
17:50 of 2nd period - Ron Hainsey is hit by Ted Purcell and loses puck.
17:56 of 2nd period - Minor Penalty to David Backes for Tripping.
17:57 of 2nd period - Anze Kopitar wins face-off versus Marcel Goc in Flames zone.
18:05 of 2nd period - Snap shot by Anze Kopitar.
18:05 of 2nd period - Shot Blocked by Ron Hainsey.
19:44 of 2nd period - Minor Penalty to Alexander Semin for Holding.
19:45 of 2nd period - Anze Kopitar wins face-off versus Eric Staal in Flames zone.
19:56 of 2nd period - Penalty to David Backes is over, David Backes is back on ice.
Goals for this period are 2 for Flames vs 3 for Kings.
Shots for this period are 10 for Flames vs 8 for Kings.
3rd period
0:01 of 3rd period - Marcel Goc wins face-off versus Anze Kopitar in neutral zone.
0:12 of 3rd period - Wrist shot by Marcel Goc.
0:12 of 3rd period - Stopped by Jonathan Quick without a rebound.
0:13 of 3rd period - Anze Kopitar wins face-off versus Marcel Goc in Kings zone.
0:44 of 3rd period - Off-side.
0:45 of 3rd period - Eric Staal wins face-off versus Anze Kopitar in neutral zone.
0:59 of 3rd period - Snap shot by Anze Kopitar.
0:59 of 3rd period - Shot Misses the Net.
1:11 of 3rd period - Snap shot by Jakub Voracek.
1:11 of 3rd period - Deflect By Eric Staal.
1:11 of 3rd period - Shot Misses the Net.
1:11 of 3rd period - Puck is out of play.
1:12 of 3rd period - Jordin Tootoo wins face-off versus Jordan Nolan in Flames zone.
1:12 of 3rd period - Jordin Tootoo is hit by Jakub Voracek.
1:26 of 3rd period - Snap shot by Drew Doughty.
1:26 of 3rd period - Shot Blocked by Marcel Goc.
1:28 of 3rd period - Snap shot by Drew Doughty.
1:28 of 3rd period - Stopped by Craig Anderson without a rebound.
1:29 of 3rd period - Anze Kopitar wins face-off versus Marcel Goc in Flames zone.
1:32 of 3rd period - Slapshot by Evander Kane.
1:32 of 3rd period - Stopped by Craig Anderson without a rebound.
1:33 of 3rd period - Marcel Goc wins face-off versus Anze Kopitar in Flames zone.
1:44 of 3rd period - Penalty to Alexander Semin is over, Alexander Semin is back on ice.
1:46 of 3rd period - Wrist shot by Anze Kopitar.
1:46 of 3rd period - Shot Misses the Net.
2:00 of 3rd period - Snap shot by Alexander Semin.
2:00 of 3rd period - Shot Misses the Net.
2:10 of 3rd period - Ron Hainsey is hit by Erik Cole.
2:15 of 3rd period - Backhand shot by Marcel Goc.
2:15 of 3rd period - Deflect By Drew Doughty.
2:15 of 3rd period - Stopped by Jonathan Quick without a rebound.
2:16 of 3rd period - Dominic Moore wins face-off versus Colin Wilson in Kings zone.
2:27 of 3rd period - Backhand shot by Colin Wilson.
2:27 of 3rd period - Shot Misses the Net.
2:29 of 3rd period - Snap shot by Brad Marchand.
2:29 of 3rd period - Shot Misses the Net.
2:31 of 3rd period - Wrist shot by Brad Marchand.
2:31 of 3rd period - Shot Misses the Net.
2:49 of 3rd period - Minor Penalty to Eric Staal for Tripping.
2:50 of 3rd period - Anze Kopitar wins face-off versus Marcel Goc in Flames zone.
2:51 of 3rd period - Slapshot by Drew Doughty.
2:51 of 3rd period - Stopped by Craig Anderson without a rebound.
2:52 of 3rd period - Marcel Goc wins face-off versus Anze Kopitar in Flames zone.
3:55 of 3rd period - Slapshot by Erik Johnson.
3:55 of 3rd period - Shot Misses the Net.
4:49 of 3rd period - Penalty to Eric Staal is over, Eric Staal is back on ice.
4:53 of 3rd period - Snap shot by Dominic Moore.
4:53 of 3rd period - Deflect By Ladislav Nagy.
4:53 of 3rd period - Shot Blocked by Erik Johnson.
4:53 of 3rd period - Puck is out of play.
4:54 of 3rd period - Patrik Berglund wins face-off versus Dominic Moore in Flames zone.
5:09 of 3rd period - Slapshot by Dominic Moore.
5:09 of 3rd period - Deflect By Daniel Cleary.
5:09 of 3rd period - Shot Blocked by Erik Johnson.
5:09 of 3rd period - Puck is out of play.
5:10 of 3rd period - Erik Christensen wins face-off versus Marcel Goc in Flames zone.
5:23 of 3rd period - Wrist shot by Chad Larose.
5:23 of 3rd period - Deflect By Erik Christensen.
5:23 of 3rd period - Shot Misses the Net.
5:23 of 3rd period - Puck is out of play.
5:24 of 3rd period - Eric Staal wins face-off versus Anze Kopitar in Flames zone.
5:41 of 3rd period - Anze Kopitar is hit by Alexander Semin and loses puck.
6:02 of 3rd period - Wrist shot by Ted Purcell.
6:02 of 3rd period - Stopped by Craig Anderson without a rebound.
6:03 of 3rd period - Patrik Berglund wins face-off versus Jordan Nolan in Flames zone.
7:06 of 3rd period - Erik Cole is hit by Noah Welch and loses puck.
7:17 of 3rd period - Slapshot by Ole-Kristian Tollefsen.
7:17 of 3rd period - Stopped by Craig Anderson without a rebound.
7:18 of 3rd period - Marcel Goc wins face-off versus Dominic Moore in Flames zone.
7:18 of 3rd period - Marcel Goc is hit by Dominic Moore.
8:01 of 3rd period - Off-side.
8:02 of 3rd period - Patrik Berglund wins face-off versus Anze Kopitar in neutral zone.
8:09 of 3rd period - Slapshot by Mark Bell.
8:09 of 3rd period - Shot Misses the Net.
8:11 of 3rd period - Snap shot by Mark Bell.
8:11 of 3rd period - Shot Misses the Net.
8:23 of 3rd period - Minor Penalty to Tim Ramholt for Boarding.
8:24 of 3rd period - Eric Staal wins face-off versus Dominic Moore in Kings zone.
10:23 of 3rd period - Penalty to Tim Ramholt is over, Tim Ramholt is back on ice.
10:35 of 3rd period - Anze Kopitar is hit by Marcel Goc.
10:46 of 3rd period - Icing by Jordan Eberle.
10:47 of 3rd period - Colin Wilson wins face-off versus Jordan Nolan in Kings zone.
11:05 of 3rd period - Ted Purcell is hit by Brad Marchand and loses puck.
11:18 of 3rd period - Wrist shot by Jakub Voracek.
11:18 of 3rd period - Shot Misses the Net.
11:34 of 3rd period - Slapshot by Evander Kane.
11:34 of 3rd period - Shot Blocked by Ron Hainsey.
12:24 of 3rd period - Slapshot by Drew Doughty.
12:24 of 3rd period - Stopped by Craig Anderson without a rebound.
12:25 of 3rd period - Jordan Nolan wins face-off versus Alexander Semin in Flames zone.
12:36 of 3rd period - Slapshot by David Backes.
12:36 of 3rd period - Stopped by Jonathan Quick with a rebound.
12:42 of 3rd period - Wrist shot by David Backes.
12:42 of 3rd period - Shot Blocked by Lubomir Visnovsky.
12:48 of 3rd period - Major / Game Misconduct Penalty to Jordan Nolan for Spearing.
12:48 of 3rd period - Jordan Nolan is ejected from game.
12:49 of 3rd period - Eric Staal wins face-off versus Dominic Moore in Kings zone.
13:58 of 3rd period - Snap shot by Anze Kopitar.
13:58 of 3rd period - Deflect By Evander Kane.
13:58 of 3rd period - Stopped by Craig Anderson with a rebound.
14:00 of 3rd period - Wrist shot by Tim Ramholt.
14:00 of 3rd period - Shot Misses the Net.
15:20 of 3rd period - Minor Penalty to Marcel Goc for Interference.
15:21 of 3rd period - Eric Staal wins face-off versus Anze Kopitar in Flames zone.
16:50 of 3rd period - Ron Hainsey is hit by Dominic Moore and loses puck.
17:18 of 3rd period - Icing by Jordan Eberle.
17:19 of 3rd period - Colin Wilson wins face-off versus Dominic Moore in Kings zone.
17:20 of 3rd period - Penalty to Marcel Goc is over, Marcel Goc is back on ice.
17:42 of 3rd period - Slapshot by Tomas Kaberle.
17:42 of 3rd period - Stopped by Jonathan Quick with a rebound.
17:44 of 3rd period - Slapshot by Marcel Goc.
17:44 of 3rd period - Stopped by Jonathan Quick without a rebound.
17:45 of 3rd period - Dominic Moore wins face-off versus Eric Staal in Kings zone.
17:48 of 3rd period - Penalty to Jordan Nolan is over, Anze Kopitar is send on ice.
17:50 of 3rd period - Ole-Kristian Tollefsen is hit by Eric Staal and loses puck.
17:59 of 3rd period - Ole-Kristian Tollefsen is hit by Eric Staal and loses puck.
18:18 of 3rd period - Slapshot by Marcel Goc.
18:18 of 3rd period - Stopped by Jonathan Quick with a rebound.
18:33 of 3rd period - Icing by Patrik Berglund.
18:34 of 3rd period - Patrik Berglund wins face-off versus Jakub Voracek in Flames zone.
18:34 of 3rd period - Patrik Berglund is hit by Ted Purcell.
19:03 of 3rd period - Snap shot by Marcel Goc.
19:03 of 3rd period - Shot Misses the Net.
19:09 of 3rd period - Minor Penalty to Erik Cole for Delaying the game.
19:10 of 3rd period - Eric Staal wins face-off versus Dominic Moore in Kings zone.
19:21 of 3rd period - Wrist shot by Alexander Semin.
19:21 of 3rd period - Shot Blocked by Lubomir Visnovsky.
19:27 of 3rd period - Wrist shot by Eric Staal.
19:27 of 3rd period - Stopped by Jonathan Quick without a rebound.
19:28 of 3rd period - Patrik Berglund wins face-off versus Dominic Moore in Kings zone.
19:29 of 3rd period - Wrist shot by Steve Regier.
19:29 of 3rd period - Deflect By Michel Ouellet.
19:29 of 3rd period - Shot Misses the Net.
19:29 of 3rd period - Puck is out of play.
19:30 of 3rd period - Dominic Moore wins face-off versus Patrik Berglund in Kings zone.
19:30 of 3rd period - Dominic Moore is hit by Michel Ouellet.
Goals for this period are 0 for Flames vs 0 for Kings.
Shots for this period are 7 for Flames vs 7 for Kings.
Back to the Top